 Dungeon Crawl Stone Soup version 0.25-a0-661-g55ea3d2053 (console) character file.

Game seed: 6876079846082802966, levelgen mode: deterministic

724 utis the Caller (level 7, 0/41 HPs)
             Began as a Tengu Summoner on Mar 23, 2020.
             Slain by a gnoll sergeant
             ... wielding a +0 spear
              (7 damage)
             ... on level 5 of the Dungeon.
             The game lasted 00:11:47 (6203 turns).

utis the Caller (Tengu Summoner)                    Turns: 6203, Time: 00:11:48

Health: 0/41       AC:  5    Str: 10    XL:     7   Next: 71%
Magic:  7/11       EV: 15    Int: 15    God:
Gold:   187        SH:  0    Dex: 15    Spells: 0/10 levels left

rFire    . . .     SeeInvis .   a - +4 long sword
rCold    + . .     Gourm    .   (no shield)
rNeg     . . .     Faith    .   i - +0 ring mail
rPois    .         Spirit   .   (helmet restricted)
rElec    .         Reflect  .   (no cloak)
rCorr    .         Harm     .   (no gloves)
MR       .....                  (boots unavailable)
Stlth    +.........             (no amulet)
HPRegen  0.13/turn              (no ring)
MPRegen  0.12/turn              C - ring of protection from cold

@: flying quickly and evasively, quick
A: beak, talons 3, able to fly
a: Stop Flying


You were on level 5 of the Dungeon.
You were not hungry.

You visited 1 branch of the dungeon, and saw 5 of its levels.

You collected 187 gold pieces.

Inventory:

Hand Weapons
 a - a +4 long sword (weapon)
 e - a +0 club
 f - a +4 whip
 v - a +1 vorpal war axe
Missiles
 h - 42 sling bullets
 j - 61 stones (quivered)
Armour
 d - a +0 plate armour
 g - a +0 robe
 i - a +0 ring mail (worn)
 l - a +0 buckler
Jewellery
 C - a ring of protection from cold (right hand)
Wands
 u - a wand of random effects (27)
Scrolls
 k - a scroll of noise {unknown}
 r - a scroll of remove curse {@r2}
 x - a scroll of blinking {unknown}
Potions
 b - a potion of lignification
 m - a potion of curing {@q1}
 n - a potion of magic {unknown}
 o - a potion of degeneration {unknown}
 p - 2 potions of resistance {unknown}
 q - 2 potions of heal wounds {@q2}
 s - a potion of brilliance {unknown}
 t - 2 potions of haste {unknown}
Comestibles
 c - 11 rations {@e1}


   Skills:
 - Level 3.6 Fighting
 - Level 4.9 Dodging
 - Level 2.0 Stealth
 - Level 2.0 Spellcasting
 + Level 7.8 Summonings
 + Level 3.7 Air Magic


You couldn't memorise any spells.
You knew the following spells:

 Your Spells              Type           Power        Failure   Level  Hunger
f - Call Canine Familiar  Summ           ####....     7%          3    ###....
p - Call Imp              Summ           ####....     3%          2    ###....
t - Summon Lightning Spi  Summ/Air       ###.....     47%         4    #####..
z - Summon Small Mammal   Summ           ####         2%          1    #......

Your spell library contained the following spells:

 Spells                   Type           Power        Failure   Level  Hunger
 Summon Guardian Golem    Hex/Summ       ##......     34%         3    ###....
 Summon Ice Beast         Ice/Summ       ##......     75%         4    #####..


Dungeon Overview and Level Annotations

Branches:
Dungeon (5/15)
 Temple: D:4-7

Altars:
Elyvilon
Uskayaw


Innate Abilities, Weirdness & Mutations

You have a beak for a mouth.
You have claws for feet.
You can fly continuously.


Message History

* * * LOW HITPOINT WARNING * * *
The gnoll sergeant blocks your hound's attack.
The gnoll sergeant hits you with a +0 spear.
* * * LOW HITPOINT WARNING * * *
The gnoll sergeant blocks your hound's attack.
You strike the helpless gnoll sergeant from behind!
You hit the gnoll sergeant. Your peck misses the gnoll sergeant.
The gnoll sergeant is moderately wounded.
Your hound barely misses the gnoll sergeant.
The gnoll sergeant hits you with a +0 spear.
* * * LOW HITPOINT WARNING * * *
Your hound bites the gnoll sergeant but does no damage.
The gnoll sergeant blocks your attack.
The gnoll sergeant is moderately wounded.
Your hound closely misses the gnoll sergeant.
The gnoll sergeant hits you with a +0 spear!
* * * LOW HITPOINT WARNING * * *
Your hound bites the gnoll sergeant but does no damage.
The gnoll sergeant hits you with a +0 spear!
You die...

... ░░.....░░... ...░░
░........░░) ... ...░
░░........... .. ░..░
░............ a. ░..░
░░..........░░ ░. ░..░
░...........░ ░..
░.g░░░░░..........░░ ░..░░░
░░.agh.............░
░...░░░░..░░Q.............░
▒.....ag.░░░░░░░..........░
▒.░░.....░░ ░░.........░ g'
░..░...░ ░░░.........░


g➘g ░░..░░.>░ ░░...........░░ ▒▒▒ ░...░░..░░░░.░....░..░...░░
░..░.░░..░░.░░░..░░..░░.... ....░░░░...░.░░.░░....░░..░ ░..░.░░░░..░░...░░
.....░░.░ You could see a gnoll sergeant, a worker ant, a gnoll and a friendly
hound.

Vanquished Creatures
  A sky beast (D:5)
  A wight (D:5)
  A jelly (D:5)
  2 hounds (D:5)
  2 bullfrog skeletons (D:4)
  An orc wizard (D:3)
  A worker ant (D:4)
  2 hound skeletons
  3 gnolls (D:5)
  4 adders
  An adder zombie (D:5)
  An adder skeleton (D:5)
  A worm (D:3)
  4 dart slugs
  4 leopard geckos
  15 orcs
  5 giant cockroaches
  7 goblins
  7 hobgoblins
  12 jackals
  2 quokkas
  2 bats
  5 frilled lizards
  A jackal skeleton (D:5)
  7 kobolds
  5 rats
97 creatures vanquished.

Vanquished Creatures (collateral kills)
  An ogre (D:3)
  A jelly (D:5)
  3 wights (D:5)
  An orc wizard (D:3)
  A centaur skeleton (D:5)
  2 adders (D:3)
  A leopard gecko (D:3)
  2 kobolds (D:1)
  A frilled lizard (D:5)
13 creatures vanquished.

Grand Total: 110 creatures vanquished

Notes
Turn   | Place    | Note
-------+----------+-------------------------------------------
     0 | D:1      | utis the Tengu Summoner began the quest for the Orb.
     0 | D:1      | Reached XP level 1. HP: 10/10 MP: 4/4
   769 | D:1      | Reached skill level 5 in Summonings
   824 | D:1      | Reached XP level 2. HP: 12/16 MP: 6/6
  1308 | D:1      | Reached skill level 1 in Fighting
  1331 | D:1      | Reached XP level 3. HP: 13/20 MP: 7/7
  1441 | D:1      | Learned a level 2 spell: Call Imp
  1445 | D:1      | Learned a level 3 spell: Call Canine Familiar
  2278 | D:2      | Reached XP level 4. HP: 23/25 MP: 8/8
  2506 | D:2      | Found a hide-covered altar of Uskayaw.
  2506 | D:2      | Found a white marble altar of Elyvilon.
  2751 | D:3      | Noticed an ogre
  2800 | D:3      | Killed an ogre
  2800 | D:3      | Gained mutation: You can fly continuously. [Tengu growth]
  2800 | D:3      | Reached XP level 5. HP: 16/30 MP: 4/9
  3387 | D:3      | Reached skill level 6 in Summonings
  4158 | D:3      | Reached XP level 6. HP: 36/36 MP: 10/10
  4968 | D:5      | Entered Level 5 of the Dungeon
  5294 | D:5      | Reached XP level 7. HP: 41/41 MP: 2/11
  5371 | D:5      | Learned a level 4 spell: Summon Lightning Spire
  5405 | D:5      | Reached skill level 7 in Summonings
  5548 | D:5      | Reached skill level 1 in Air Magic
  6203 | D:5      | Slain by a gnoll sergeant

Levels and vault maps discovered:
D:1:      matt_arrival_diagonals, layout_loops_ring, minmay_close_crescents
D:2:      layout_rooms, gammafunk_temple_overflow_wave, feat_on_display
D:3:      layout_basic
D:4:      layout_rooms, first_ration
D:5:      minmay_polygon_palace, layout_layer_cave,
          nicolae_tso_swordbearing_angel, nicolae_ru_awakened_eye

Skill      XL: |  1  2  3  4  5  6  7 |
---------------+----------------------+-----
Summonings     | 5 6 7 |  7.8
Fighting       | 1 2 3 |  3.6
Dodging        | 3 4 |  4.9
Air Magic      | 3 |  3.7
Stealth        | |  2.0
Spellcasting   | |  2.0

Action                   |  1- 3 |  4- 6 |  7- 9 || total
-------------------------+-------+-------+-------++-------
Melee: Unarmed           |     8 |       |       ||     8
       Whip              |    65 |   117 |       ||   182
       Club              |     6 |       |       ||     6
       Peck              |     7 |    16 |    11 ||    34
       Kick              |     9 |    31 |    15 ||    55
       War axe           |       |    26 |       ||    26
       Long sword        |       |       |    55 ||    55
Throw: Stone             |     1 |     3 |     8 ||    12
 Cast: Summon Small Mamm |     3 |     1 |       ||     4
       Call Imp          |     2 |    19 |     6 ||    27
       Call Canine Famil |       |     2 |     4 ||     6
 Abil: Fly               |       |     1 |       ||     1
  Use: Scroll            |     3 |     5 |       ||     8
       Potion            |     1 |       |       ||     1
 Stab: Sleeping          |     1 |       |       ||     1
       Distracted        |       |       |     2 ||     2
  Eat: Chunk             |     4 |    11 |     4 ||    19
Armor: Robe              |     2 |       |       ||     2
       Ring mail         |     9 |    48 |    13 ||    70
Dodge: Dodged            |    51 |   105 |    46 ||   202
       Rpst.: Long sword |       |       |    15 ||    15

Table legend:
 A = Non-vault XP
 B = Vault XP
 C = Vault XP percentage of total XP
 D = Non-vault monster count
 E = Vault monster count
 F = Vault count percentage of total count
                 A         B        C        D         E       F
            +---------+---------+-------+---------+---------+-------
      Total |    1013 |      22 |   2.1 |     103 |       7 |   6.4
            +---------+---------+-------+---------+---------+-------
        D:1 |      39 |      11 |  22.0 |      24 |       5 |  17.2
        D:2 |      45 |       0 |   0.0 |      11 |       0 |   0.0
        D:3 |     227 |       0 |   0.0 |      34 |       0 |   0.0
        D:4 |     171 |       0 |   0.0 |      11 |       0 |   0.0
        D:5 |     531 |      11 |   2.0 |      23 |       2 |   8.0
            +---------+---------+-------+---------+---------+-------
